 Dungeon Crawl Stone Soup version 0.19-a0-442-g8935a21 (webtiles) character file.

1510 Enish the Cruncher (level 8, -1/36 HPs)
             Began as a Vine Stalker Wizard on June 1, 2016.
             Was a Believer of Makhleb.
             Slain by an orc
             ... wielding a +0 flail
              (4 damage)
             ... on level 7 of the Dungeon.
             The game lasted 00:28:05 (3559 turns).

Enish the Cruncher (Vine Stalker Wizard)            Turns: 3559, Time: 00:28:05

Health: -1/36      AC: 12    Str: 12    XL:     8   Next: 83%
Magic:  0/18       EV:  2    Int: 20    God:    Makhleb [**....]
Gold:   225        SH:  0    Dex: 13    Spells: 3 memorised, 13 levels left

rFire  . . .     SeeInvis .     a - +2 quarterstaff (crush)
rCold  . . .     Gourm    .     v - +0 plate armour
rNeg   . . .     Faith    .     (shield currently unavailable)
rPois  .         Spirit   +     b - +0 hat
rElec  .         Dismiss  .     (no cloak)
rCorr  .         Reflect  .     l - +1 pair of gloves
SustAt .         Harm     .     (no boots)
MR     +....                    (no amulet)
Stlth  ..........               w - ring of loudness (curse)
                                B - +2 ring of strength

@: somewhat resistant to hostile enchantments, extremely unstealthy
A: fangs 3, regeneration 2, magic shield, antimagic bite, no device heal 3, rot
immunity
a: Minor Destruction, Renounce Religion


You were on level 7 of the Dungeon.
You worshipped Makhleb.
Makhleb was pleased with you.
You were hungry.

You visited 1 branch of the dungeon, and saw 8 of its levels.

You collected 330 gold pieces.
You spent 105 gold pieces at shops.

Inventory:

Hand Weapons
 a - a +2 quarterstaff of crushing (weapon)
 e - a +0 short sword
Missiles
 o - 8 tomahawks
 r - a throwing net (quivered)
Armour
 b - a +0 hat (worn)
 h - a +0 robe
 l - a +1 pair of gloves (worn)
 s - a -2 leather armour
 v - a +0 plate armour (worn)
Magical Staves
 A - an uncursed staff of conjuration
Jewellery
 t - a +4 ring of intelligence
 w - a cursed ring of loudness (right hand)
 B - a +2 ring of strength (left hand)
Wands
 m - a wand of flame (27/48)
Scrolls
 i - a scroll of magic mapping
 p - a scroll of enchant armour
 q - 2 scrolls of identify
 x - a scroll of immolation
 y - 2 scrolls of teleportation
Potions
 j - a potion of degeneration
 z - a potion of heal wounds
Books
 c - a book of Minor Magic

   Spells                             Type                      Level
   a - Magic Dart                     Conjuration                  1
   b - Blink                          Translocation                2
   c - Call Imp                       Summoning                    2
   d - Repel Missiles                 Charms/Air                   2
   e - Slow                           Hexes                        2
   f - Conjure Flame                  Conjuration/Fire             3
   g - Mephitic Cloud                 Conjuration/Poison/Air       3
 g - a book of Death

   Spells                             Type                      Level
   a - Corpse Rot                     Necromancy                   2
   b - Sublimation of Blood           Necromancy                   2
   c - Agony                          Necromancy                   5
   d - Dispel Undead                  Necromancy                   5
   e - Excruciating Wounds            Charms/Necromancy            5
   f - Bolt of Draining               Conjuration/Necromancy       5
Comestibles
 d - 3 bread rations
 f - 4 meat rations
 u - 4 fruits
 C - a beef jerky


   Skills:
 - Level 0.8 Short Blades
 * Level 8.5 Staves
 - Level 1.5 Dodging
 - Level 2.4 Stealth
 - Level 6.0 Spellcasting
 - Level 1.0 Conjurations
 - Level 1.0 Summonings
   Level 1.0 Translocations


You had 13 spell levels left.
You knew the following spells:

 Your Spells              Type           Power        Failure   Level  Hunger
a - Magic Dart            Conj           ##..         100%        1    None
b - Call Imp              Summ           ##......     100%        2    None
c - Mephitic Cloud        Conj/Pois/Air  #.......     100%        3    ##.....


Dungeon Overview and Level Annotations

Branches:
Dungeon (8/15)             Temple (0/1) D:6
   Lair: D:8-11

Altars:
Dithmenos
Elyvilon
Fedhas
Kikubaaqudgha
Makhleb
Nemelex Xobeh
Qazlal
Zin
The Shining One

Shops:
D:6 =

Annotations:
D:3 exclusion: downstairs, Ordine's ghost, amateur OpTm


Innate Abilities, Weirdness & Mutations

You have razor-sharp teeth.
You heal very quickly.
When hurt, damage is shared between your health and your magic reserves.
Your bite disrupts and absorbs the magic of your enemies.
Potions and wands cannot restore your health.
You are immune to rotting.


Message History

The orc wizard hits you but does no damage.
Unknown command.
You sock the orc wizard! Your bite misses the orc wizard.
The orc wizard is almost dead.
The orc wizard hits you but does no damage.
You closely miss the orc wizard.
You bite the orc wizard, but do no damage.
The orc wizard is almost dead.
The orc hits you but does no damage.
The orc wizard points at you and mumbles some strange words.
You easily resist.
The orc completely misses you.
You thump the orc wizard!
You kill the orc wizard!
Makhleb accepts your kill. The orc hits you with a flail.
* * * LOW HITPOINT WARNING * * *
The orc hits you but does no damage.
You are poisoned.
You feel better. The orc hits you with a flail.
You die...

### #.###+#### ###... #
#.#......# #....#.#
#.#......# #.#..#.####
#.#(.....####.#..#.....
#.....................
#.###.#.............
......<.......#.o####.#.
#...<......../..@oo.....
#.##.##.####..##)####.#.
........# #..##.#
#....#### #......#
.>............####
......[.......#
.....######.#.# ........
..>.. ...#.###


You could see 3 orcs.

Vanquished Creatures
  Sigmund (D:3)
  2 orc warriors
  2 ice beasts
  2 ogres (D:6)
  2 centaurs
  2 crimson imps
  A giant frog zombie (D:6)
  A jelly (D:5)
  A centaur zombie (D:6)
  A centaur skeleton (D:5)
  A hound (D:4)
  6 orc wizards
  4 worker ants
  A hound zombie (D:6)
  3 worker ant zombies
  6 adders
  An ooze (D:4)
  An adder skeleton (D:4)
  2 giant geckos (D:3)
  13 orcs
  6 giant cockroaches
  2 goblins
  A quokka (D:4)
  4 bats
  A giant gecko skeleton (D:4)
  2 giant newts
  5 kobolds
  3 rats
  A butterfly (D:6)
78 creatures vanquished.

Vanquished Creatures (collateral kills)
  An ogre (D:5)
  A scorpion (D:4)
  A hound (D:4)
  A centaur skeleton (D:4)
  2 adders
  A butterfly (D:6)
7 creatures vanquished.

Grand Total: 85 creatures vanquished

Notes
Turn   | Place    | Note
--------------------------------------------------------------
     0 | D:1      | Enish the Vine Stalker Wizard began the quest for the Orb.
     0 | D:1      | Reached XP level 1. HP: 9/9 MP: 5/5
   251 | D:1      | Reached XP level 2. HP: 13/13 MP: 4/7
   414 | D:2      | Learned a level 2 spell: Call Imp
   484 | D:2      | Found a stormy altar of Qazlal.
   488 | D:2      | Found a blossoming altar of Fedhas.
   547 | D:3      | Noticed Sigmund
   626 | D:2      | Found a burning altar of Makhleb.
   667 | D:2      | Became a worshipper of Makhleb the Destroyer
   763 | D:2      | Reached XP level 3. HP: 16/16 MP: 9/9
   922 | D:3      | Learned a level 3 spell: Mephitic Cloud
   929 | D:3      | Found a glowing golden altar of the Shining One.
   939 | D:3      | Reached skill level 1 in Staves
   997 | D:3      | Killed Sigmund
   997 | D:3      | Reached skill level 3 in Staves
   997 | D:3      | Reached XP level 4. HP: 21/21 MP: 3/11
   997 | D:3      | Reached XP level 5. HP: 24/24 MP: 3/12
  1100 | D:3      | Noticed Ordine's ghost (amateur OpTm)
  1125 | D:4      | Reached skill level 4 in Staves
  1141 | D:4      | Found a shadowy altar of Dithmenos.
  1154 | D:4      | HP: 1/36 [poisoned by a worker ant]
  1265 | D:4      | Gained mutation: You heal very quickly. [Vine Stalker growth]
  1265 | D:4      | Reached XP level 6. HP: 22/28 MP: 12/14
  1595 | D:4      | Reached * piety under Makhleb
  1595 | D:4      | Reached skill level 5 in Spellcasting
  1647 | D:5      | Entered Level 5 of the Dungeon
  1741 | D:5      | Noticed an ice beast
  1930 | D:5      | Found a sparkling altar of Nemelex Xobeh.
  2016 | D:4      | Found an ancient bone altar of Kikubaaqudgha.
  2035 | D:4      | Reached XP level 7. HP: 20/32 MP: 5/16
  2199 | D:5      | Found a glowing silver altar of Zin.
  2357 | D:5      | Reached skill level 5 in Staves
  2553 | D:6      | Reached ** piety under Makhleb
  2610 | D:6      | Reached skill level 6 in Staves
  2627 | D:6      | Gained mutation: You have razor-sharp teeth. [Vine Stalker growth]
  2627 | D:6      | Reached XP level 8. HP: 36/36 MP: 4/18
  2795 | D:6      | Reached skill level 7 in Staves
  2839 | D:6      | Found a white marble altar of Elyvilon.
  3063 | D:6      | Found Okkage's Jewellery Boutique.
  3077 | D:6      | Bought a +2 ring of strength for 105 gold pieces
  3295 | D:7      | Reached skill level 8 in Staves
  3472 | D:6      | Found a staircase to the Ecumenical Temple.
  3559 | D:7      | Slain by an orc

Vault maps used:
D:1:      minmay_arrival_split_and_join
D:2:      grunt_temple_overflow_forces_of_nature, old_standard_altar,
          roderic_lattice_a
D:3:      tso_metal_star, uniq_sigmund
D:4:      kiku_gazebo_pond_becter, nicolae_dithmenos_shadow_blocks, first_bread
D:5:      kennysheep_mini_moat, lemuel_round_altar, item_on_display_a
D:6:      overflow_temple_1_default, minmay_temple_entry_butterflies,
          serial_shops, shop, hangedman_decor_riveting
D:7:      uniq_joseph, uniq_duvessa
D:8:      kennysheep_steamy

Skill      XL: |  1  2  3  4  5  6  7  8 |
---------------+-------------------------+-----
Spellcasting   | 4 5 6 |  6.0
Staves         | 3 4 6 8 |  8.5
Short Blades   | |  0.8
Dodging        | |  1.5
Stealth        | |  2.4
Conjurations   | |  1.0
Summonings     | |  1.0
Translocations | |  1.0

Action                   |  1- 3 |  4- 6 |  7- 9 || total
-------------------------+-------+-------+-------++-------
Melee: Short sword       |    41 |       |       ||    41
       Quarterstaff      |    37 |    71 |   179 ||   287
       Bite              |    14 |    11 |    38 ||    63
 Cast: Magic Dart        |     4 |     3 |       ||     7
       Call Imp          |     3 |    17 |    18 ||    38
       Mephitic Cloud    |     1 |       |     2 ||     3
  Use: Scroll            |     2 |    10 |     3 ||    15
       Potion            |     2 |     4 |     1 ||     7
 Stab: Sleeping          |     4 |     2 |       ||     6
       Confused          |     2 |       |       ||     2
       Distracted        |       |       |     1 ||     1
  Eat: Chunk             |       |     2 |     5 ||     7
       Beef jerky        |       |     1 |       ||     1
Armor: Robe              |    28 |    65 |    22 ||   115
       Plate armour      |       |       |    70 ||    70
       Skin              |       |       |     1 ||     1
Dodge: Dodged            |    56 |   130 |    67 ||   253
